 Dungeon Crawl Stone Soup version 0.29.1-15-g9cfb28693d (webtiles) character file.

Game seed: 7463396787177465486

379 manyhoops the Insei (level 6, -1/41 HPs)
             Began as an Octopode Transmuter on Apr 8, 2023.
             Killed by divine providence
             ... invoked by an orc priest
              (14 damage)
             ... on level 4 of the Dungeon.
             The game lasted 00:03:53 (3290 turns).

manyhoops the Insei (Octopode Transmuter)           Turns: 3290, Time: 00:03:53

Health: -1/41      AC:  1    Str: 12    XL:     6   Next: 74%
Magic:  9/9        EV: 13    Int: 15    God:
Gold:   181        SH:  0    Dex: 12    Spells: 2/9 levels left

rFire   . . .      SeeInvis .     - Unarmed
rCold   . . .      Faith    .   (no shield)
rNeg    . . .      Spirit   .   (helmet restricted)
rPois   .          Reflect  .   (no amulet)
rElec   .          Harm     .   (no ring)
rCorr   .          Rampage  .   (no ring)
Will    .....                   (no ring)
Stlth   +++.......              (no ring)
HPRegen 0.13/turn               (no ring)
MPRegen 0.11/turn               (no ring)
                                (no ring)
                                (no ring)

@: no status effects
A: almost no armour, amphibious, 8 rings, camouflage 1, gelatinous body 1,
(nimble swimmer 1), tentacles
a: no special abilities


You were on level 4 of the Dungeon.
You visited 1 branch of the dungeon, and saw 4 of its levels.

You collected 181 gold pieces.

Inventory:

Magical Staves
 s - a staff of cold
Jewellery
 m - an amulet of reflection
Wands
 q - a wand of flame (21)
Scrolls
 b - a scroll of noise {unknown}
 c - 2 scrolls of butterflies {unknown}
 e - 4 scrolls of teleportation {unknown}
 i - a scroll of vulnerability {unknown}
 j - 2 scrolls of identify {unknown}
 l - a scroll of magic mapping {unknown}
 n - a scroll of blinking {unknown}
 o - a scroll of fear {unknown}
 p - a scroll of enchant weapon {unknown}
 u - a scroll of enchant armour {unknown}
 v - a scroll of immolation {unknown}
Potions
 d - a potion of might {unknown}
 f - 3 potions of curing
 g - 2 potions of heal wounds {unknown}
 h - 2 potions of mutation {unknown}
 k - 3 potions of flight {unknown}
 r - a potion of magic {unknown}
 t - a potion of degeneration {unknown}


   Skills:
 - Level 2.8 Fighting
 - Level 2.0 Dodging
 - Level 3.1 Stealth
 - Level 5.6 Unarmed Combat
 - Level 2.0 Spellcasting
 + Level 2.7 Transmutations
 * Level 1.6 Ice Magic


You had 2 spell levels left.
You knew the following spells:

 Your Spells              Type           Power      Damage    Failure   Level
a - Beastly Appendage     Tmut           18%        N/A       8%          1
b - Wereblood             Tmut           9%         N/A       11%         2
c - Ice Form              Ice/Tmut       8%         N/A       65%         4

Your spell library contained the following spells:

 Spells                   Type           Power      Damage    Failure   Level
 Sting                    Tmut/Pois      20%        1d4       13%         1
 Summon Small Mammal      Summ           4%         N/A       22%         1
 Poisonous Vapours        Pois/Air       2%         N/A       32%         2
 Spider Form              Tmut/Pois      5%         N/A       36%         3
 Call Canine Familiar     Summ           1%         N/A       54%         3
 Summon Guardian Golem    Hex/Summ       1%         N/A       54%         3
 Olgreb's Toxic Radiance  Pois           1%         N/A       91%         4


Dungeon Overview and Level Annotations

Branches:
Dungeon (4/15)
 Temple: D:4-7

Altars:
Makhleb
Qazlal
Uskayaw

Annotations:
D:4 Robin


Innate Abilities, Weirdness & Mutations

You cannot wear most types of armour.
You are amphibious.
You can wear up to eight rings at the same time.
Your skin changes colour to match your surroundings (Stealth+).
Your rubbery body absorbs attacks. (AC +1, EV +1)
((You are camouflaged when in or above water. (Stealth+)))
You have tentacles for arms and can constrict up to eight enemies at once.


Message History

You are confused.
The orc wizard casts a spell.
The orc wizard flickers and vanishes!
Something hits you but does no damage.
The orc priest mumbles some strange prayers to Beogh against you.
Beogh smites you! Something hits you but does no damage.
Your transformation is almost over.
Something hits you but does no damage. Something hits you but does no damage.
You cannot move. (Use ctrl+direction or * direction to attack while stationary and confused.)
You attack the rock wall.
Something hits you.
You nearly hit yourself!
Something hits you but does no damage.
You hit something.
You feel less confused.
You hit something. Something hits you.
You smack something!
Reactivating autopickup.
You feel a bit more experienced.
You hit the hobgoblin but do no damage.
The hobgoblin hits you but does no damage.
You barely miss the hobgoblin.
The hobgoblin hits you but does no damage.
You hit the hobgoblin.
You kill the hobgoblin!
You barely miss Robin.
You feel less wooden. Robin hits you with a +0 mace.
You barely miss Robin. Your grab misses Robin.
The orc priest mumbles some strange prayers to Beogh against you.
Beogh smites you!
* * * LOW HITPOINT WARNING * * *
Robin hits you with a +0 mace.
* * * LOW HITPOINT WARNING * * *
Unknown command.
Okay, then.
Okay, then.
It was a potion of curing.
You feel better.
The orc priest invokes the aid of Beogh against you.
Beogh smites you!
You die...

# ... ######.....
#######.)@go{....
#....##.####.....
#....##.# ... ##
#....##.# .
...##....##.#
#..........#
#..#...#####
#..#...# #......#


You could see Robin and an orc priest.

Vanquished Creatures
  A scorpion (D:4)
  A hound (D:4)
  A jelly (D:4)
  A gnoll bouda (D:4)
  2 iguanas (D:4)
  An orc wizard (D:4)
  5 gnolls
  6 adders
  An ufetubus (D:4)
  2 orcs (D:4)
  2 ball pythons
  3 bats
  2 endoplasms
  2 giant cockroaches
  11 goblins
  6 hobgoblins
  3 quokkas
  A frilled lizard (D:3)
  11 kobolds
  2 rats
64 creatures vanquished.

Notes
Turn   | Place    | Note
-------+----------+-------------------------------------------
     0 | D:1      | manyhoops the Octopode Transmuter began the quest for the
                  | Orb.
     0 | D:1      | Reached XP level 1. HP: 13/13 MP: 3/3
    18 | D:1      | Reached XP level 2. HP: 13/18 MP: 3/5
   265 | D:1      | Learned a level 2 spell: Wereblood
   713 | D:1      | Reached XP level 3. HP: 23/23 MP: 6/6
  1449 | D:2      | Reached XP level 4. HP: 29/29 MP: 5/7
  1661 | D:3      | Found a faded altar of an unknown god.
  1686 | D:3      | Reached skill level 4 in Unarmed Combat
  2317 | D:3      | Learned a level 4 spell: Ice Form
  2393 | D:4      | Reached XP level 5. HP: 28/34 MP: 6/8
  2477 | D:4      | Reached skill level 5 in Unarmed Combat
  2699 | D:4      | Reached XP level 6. HP: 40/41 MP: 6/9
  2855 | D:4      | Reached skill level 1 in Ice Magic
  3009 | D:4      | Found a stormy altar of Qazlal.
  3009 | D:4      | Found a hide-covered altar of Uskayaw.
  3010 | D:4      | Found a burning altar of Makhleb.
  3249 | D:4      | Noticed Robin
  3290 | D:4      | Killed from afar by an orc priest

Illustrated notes

Levels and vault maps discovered:
D:1:      erik_arrival_blinker_ship, layout_rooms
D:2:      layout_basic
D:3:      layout_loops_ring, dilly_ecumenical_altar_fadedgnrine
D:4:      layout_basic, chequers_temple_overflow_statue_of_worship, uniq_robin

Skill      XL: |  1  2  3  4  5  6 |
---------------+-------------------+-----
Stealth        | 2 3 |  3.1
Unarmed Combat | 4 5 |  5.6
Fighting       | 2 |  2.8
Ice Magic      | 1 |  1.6
Dodging        | |  2.0
Spellcasting   | |  2.0
Transmutations | |  2.7

Action                   |  1- 3 |  4- 6 || total
-------------------------+-------+-------++-------
Melee: Unarmed           |    55 |    88 ||   143
       Constrict         |    13 |    19 ||    32
       Tentacles         |     4 |    20 ||    24
       Kick              |     7 |    21 ||    28
       Punch             |       |     3 ||     3
 Cast: Beastly Appendage |    10 |    16 ||    26
       Wereblood         |     1 |     6 ||     7
  Use: Potion            |       |     2 ||     2
 Stab: Sleeping          |     4 |     3 ||     7
Armor: Skin              |     5 |    19 ||    24
Dodge: Dodged            |    42 |    44 ||    86
